 Dungeon Crawl Stone Soup version 0.17-a0-1691-g18a3847 (webtiles) character file.

122 Steppips the Skirmisher (level 4, -2/37 HPs)
             Began as a Demonspawn Chaos Knight on Aug 20, 2015.
             Slain by an orc
             ... wielding a +0 whip
              (3 damage)
             ... on level 3 of the Dungeon.
             The game lasted 00:06:34 (1499 turns).

Steppips the Skirmisher (Demonspawn Chaos Knight)   Turns: 1499, Time: 00:06:34

Health: -2/37      AC:  7    Str: 13    XL:     4   Next: 78%
Magic:  4/4        EV: 12    Int: 13    God:    Xom [.*....]
Gold:   50         SH:  0    Dex: 13    Spells: 0 memorised, 3 levels left

rFire  . . .     SeeInvis .     a - +0 mace (chaos)
rCold  . . .     Clarity  .     b - +2 leather armour
rNeg   . . .     SustAt   .     (no shield)
rPois  .         Gourm    .     (no helmet)
rElec  .         Spirit   .     (no cloak)
rCorr  .         Warding  .     (no gloves)
rMut   .         Stasis   .     (no boots)
MR     .....                    (no amulet)
Stlth  +++.......               (no ring)
                                (no ring)

@: exhausted, not resistant to hostile enchantments, fairly stealthy
A: thin metallic scales 1, nightstalker 2
a: Renounce Religion


You were on level 3 of the Dungeon.
You worshipped Xom.
You were a plaything of Xom.
You were not hungry.

You visited 1 branch of the dungeon, and saw 3 of its levels.

You collected 50 gold pieces.

Inventory:

Hand weapons
 a - a +0 mace of chaos (weapon)
Armour
 b - a +2 leather armour (worn)
 e - a +0 large shield
Scrolls
 d - 5 scrolls of identify {unknown}
 i - a scroll of noise {unknown}
 j - a scroll of teleportation {unknown}
 m - a scroll of amnesia {unknown}
 p - a scroll of fog {unknown}
 q - a scroll of recharging {unknown}
Potions
 h - a potion of cure mutation {unknown}
 l - a potion of resistance {unknown}
 o - a potion of cancellation {unknown}
Comestibles
 c - 3 bread rations
 f - a royal jelly
 g - a beef jerky
 n - a slice of pizza


   Skills:
 + Level 4.0 Fighting
 + Level 3.3 Maces & Flails
 + Level 2.5 Armour
 + Level 2.2 Dodging


You had 3 spell levels left.
You didn't know any spells.

Dungeon Overview and Level Annotations

Branches:
Dungeon (3/15)

Altars:
Gozag
Nemelex Xobeh


Innate Abilities, Weirdness & Mutations

You are partially covered in thin metallic scales (AC +2).
You are significantly more attuned to the shadows.


Message History

* * * LOW HITPOINT WARNING * * *
The orc hits you.
* * * LOW HITPOINT WARNING * * *
The orc barely misses you. The orc misses you. The rat misses you.
The orc barely misses you. The orc hits you with a whip.
* * * LOW HITPOINT WARNING * * *
The orc hits you but does no damage.
You hit the orc.
You kill the orc!
The rat bites you but does no damage. The orc hits you but does no damage.
The orc hits you but does no damage. The rat bites you.
* * * LOW HITPOINT WARNING * * *
You closely miss the orc.
The orc is severely wounded.
The orc hits you but does no damage. x2
The rat bites you but does no damage. The orc barely misses you.
You closely miss the orc.
The orc is severely wounded.
The orc hits you with a whip.
You die...

# ..##### .......##
....#.. ........
.......§. .......#
#...#.#§# .......#####
#.... #§# ....r).#...
#.#####.#
....)@.#.#####......§.
..##oo...>..§......§.#
#.....(.####...####
#.......# #...#
#.......# #...#
#.......# #####
#.......# ## #.
#######.


You could see 2 orcs and a rat.

Vanquished Creatures
  An orc priest (D:3)
  An adder (D:3)
  2 oozes
  3 orcs (D:3)
  6 bats
  4 giant cockroaches
  9 hobgoblins
  7 kobolds
  A ball python (D:2)
  6 giant newts
  8 goblins
  5 rats
53 creatures vanquished.

Vanquished Creatures (collateral kills)
  An orc wizard (D:3)
  An orc (D:3)
  A ball python (D:3)
  A giant cockroach (D:3)
  A bat (D:3)
  2 jackals (D:3)
7 creatures vanquished.

Grand Total: 60 creatures vanquished

Notes
Turn   | Place    | Note
--------------------------------------------------------------
     0 | D:1      | Steppips the Demonspawn Chaos Knight began the quest for the Orb.
     0 | D:1      | Reached XP level 1. HP: 18/18 MP: 1/1
   282 | D:1      | Gained mutation: You are slightly more attuned to the shadows. [demonic ancestry]
   282 | D:1      | Reached XP level 2. HP: 21/24 MP: 2/2
   282 | D:1      | XOM: divination: detect items
   302 | D:1      | XOM: silly message
   371 | D:1      | XOM: divination: detect creatures
   412 | D:1      | Reached skill level 1 in Dodging
   458 | D:1      | XOM: harmless Chrm miscast
   462 | D:1      | XOM: divination: detect creatures
   472 | D:1      | XOM: colour smoke trail
   519 | D:1      | Gained mutation: You are partially covered in thin metallic scales (AC +2). [demonic ancestry]
   519 | D:1      | Reached XP level 3. HP: 25/29 MP: 3/3
   623 | D:2      | Found an opulent altar of Gozag.
   660 | D:2      | Found a sparkling altar of Nemelex Xobeh.
   755 | D:2      | XOM: harmless Trmt miscast
   858 | D:2      | XOM: harmless Tloc miscast
  1210 | D:3      | XOM: confusion (+ monsters)
  1213 | D:3      | XOM: summons friendly white imp
  1240 | D:3      | Gained mutation: You are significantly more attuned to the shadows. [demonic ancestry]
  1240 | D:3      | Reached XP level 4. HP: 29/37 MP: 4/4
  1287 | D:3      | XOM: medium Divn miscast
  1446 | D:3      | XOM: potion effect (berserk rage)
  1452 | D:3      | XOM: colour smoke trail
  1495 | D:3      | Reached skill level 4 in Fighting
  1496 | D:3      | HP: 1/37 [orc/whip (3)]
  1499 | D:3      | Slain by an orc

Vault maps used:
D:1:      tarquinn_simple_flora_water_f
D:2:      nicolae_gozag_seed_capital, first_bread, nemelex_deck

Action                   |  1- 3 |  4- 6 || total
-------------------------+-------+-------++-------
Melee: Mace              |   106 |    28 ||   134
  Use: Potion            |       |     1 ||     1
 Stab: Sleeping          |     6 |     3 ||     9
       Confused          |     1 |       ||     1
       Petrifying        |       |     1 ||     1
  Eat: Chunk             |     1 |     2 ||     3
